Map: Orbital Shipyard

Players

Darklune

  • Race: Zerg Zerg
  • League: Diamond

LilDicky - Winner!

  • Race: Terran Terran
  • League: Diamond

VOD

http://www.twitch.tv/tumescentpie

Description

Time

  • Played on: Jan. 2, 2016, 12:01 p.m.
  • Length: 6:31
Show
View Real Time Build Order
Export as new Build Order

Darklune Zerg 

Build Orders: Hatch First 

Get SALT Encoding   

  12  0:01  Drone  
  13  0:08  Drone  
  14  0:17  Overlord  
  14  0:28  Extractor x2  
  13  0:29  Drone x2  
  16  0:35  Drone  
  17  0:53  Hatchery  
  17  0:56  Drone  
  17  1:00  Drone  
  18  1:08  Drone, Extractor  
  18  1:19  Spawning Pool  
  18  1:21  Drone  
  18  1:27  Drone  
  19  1:37  Drone  
  20  1:49  Overlord  
  20  1:59  Drone  
  21  2:06  Queen x2  
  25  2:08  Drone  
  25  2:11  Metabolic Boost  
  26  2:16  Drone  
  26  2:17  Drone  
  26  2:21  Drone  
  29  2:29  Drone  
  30  2:36  Overlord  
  30  2:40  Drone  
  30  2:44  Queen x2  
  35  2:52  Overlord  
  35  2:57  Drone  
  35  2:58  Drone  
  37  3:04  Drone x2  
  39  3:13  Roach Warren  
  39  3:14  Drone x2  
  39  3:15  Extractor  
  39  3:17  Drone x2  
  39  3:18  Drone x2  
  43  3:37  Drone x5  
  48  3:41  Overlord  
  48  3:54  Overlord x2  
  48  3:59  Lair  
  50  4:02  Roach  
  50  4:03  Roach x5, Extractor  
  59  4:15  Drone x2  
  61  4:19  Drone  
  61  4:21  Drone x2  
  61  4:23  Overlord  
  61  4:24  Overlord x2  
  64  4:35  Ravager x3  
  67  4:39  Ravager  
  68  4:57  Drone x11  
  79  5:03  Glial Reconstitution  
  79  5:08  Evolution Chamber  
  79  5:09  Evolution Chamber  
  79  5:13  Hatchery  
  76  5:23  Spire  
  70  5:32  Roach  
  70  5:33  Roach x4  
  70  5:49  Zergling x8  
  76  5:50  Zergling x4  
  76  5:54  Extractor  
Show
View Real Time Build Order
Export as new Build Order

LilDicky Terran - Winner!

Build Orders: Command Center First (CC), MMM Bio 

Get SALT Encoding   

  12  0:02  SCV  
  13  0:14  SCV  
  14  0:19  Supply Depot  
  14  0:27  SCV  
  15  0:40  SCV  
  16  0:52  SCV  
  17  1:01  Command Center  
  17  1:13  Barracks  
  17  1:14  SCV  
  18  1:26  SCV  
  19  1:34  Refinery  
  19  1:39  SCV  
  20  1:52  SCV  
  21  2:01  Marine  
  21  2:04  Supply Depot, Orbital Command  
  22  2:12  Barracks  
  22  2:14  Barracks  
  22  2:24  Orbital Command  
  22  2:27  Marine  
  23  2:31  SCV  
  24  2:43  SCV  
  25  2:45  Barracks Tech Lab  
  25  2:53  SCV  
  25  2:57  SCV  
  27  3:02  Barracks  
  27  3:03  Barracks Reactor, Barracks  
  27  3:05  Stimpack  
  27  3:07  Marine  
  27  3:12  SCV  
  29  3:16  Refinery, Marine  
  29  3:18  SCV  
  31  3:24  SCV  
  31  3:26  Barracks Tech Lab  
  32  3:30  SCV  
  33  3:35  Marine  
  33  3:37  SCV  
  35  3:42  SCV  
  35  3:45  Marine x2  
  35  3:46  Marine  
  39  3:53  Marine  
  39  3:55  Combat Shields  
  40  3:56  Supply Depot  
  40  3:57  Marine x2  
  40  4:01  SCV  
  43  4:03  Marine  
  43  4:04  Supply Depot  
  43  4:05  Marine  
  45  4:14  SCV, Barracks  
  45  4:16  Barracks  
  46  4:17  Barracks Reactor  
  46  4:18  Barracks Reactor  
  46  4:19  Supply Depot  
  46  4:20  Marine  
  46  4:22  SCV  
  48  4:25  Marine  
  48  4:26  SCV, Marine  
  48  4:28  Marine  
  48  4:29  Supply Depot  
  52  4:34  SCV  
  52  4:38  SCV  
  54  4:43  Marine  
  54  4:45  Marine  
  56  4:46  SCV  
  56  4:47  Marauder  
  56  4:50  Marauder  
  61  4:55  Supply Depot  
  61  4:56  Supply Depot, Marine x2  
  61  4:57  Marine x2  
  65  5:03  Barracks Reactor  
  65  5:04  Barracks Reactor, Factory  
  65  5:05  Marine  
  65  5:07  Marine  
  66  5:08  Marine  
  66  5:11  SCV x2  
  66  5:12  Concussive Shells  
  67  5:33  Marine x5  
  67  5:34  Marauder x2  
  76  5:37  SCV  
  76  5:39  Supply Depot  
  76  5:40  Supply Depot, Marine x2  
  79  5:43  SCV  
  80  5:52  Supply Depot  
  80  5:53  Factory Reactor  
  80  5:54  Starport, Marine x2  
  80  5:55  Marine  
  80  5:56  Marauder  
  85  5:59  Marine x2  
  85  6:00  Refinery x2  
Tags
 
Add a new tag
Caveats
  • Supply blocks, unpowered buildings, or Contaminate may cause inaccurate times.
  • Supply counts are checked every 10 seconds.